 Dungeon Crawl Stone Soup version 0.32-a0-131-g9dbbe29261 (webtiles) character file.

Game seed: 17294428587307435505

13 Esekla the Sneak (level 2, 21/21 HPs)
             Began as an Octopode Delver on Feb 8, 2024.
             Quit the game on level 5 of the Dungeon.
             The game lasted 00:02:49 (87 turns).

Esekla the Sneak (Octopode Delver)                    Turns: 87, Time: 00:02:49

Health: 21/21      AC:  1    Str: 11    XL:     2   Next: 37%
Magic:  2/2        EV: 13    Int: 12    God:
Gold:   0          SH:  0    Dex: 13    Spells: 1/1 levels left

rFire   . . .        a - +0 long sword
rCold   . . .        (no shield)
rNeg    . . .        (helmet restricted)
rPois   .            (no amulet)
rElec   .            (no ring)
rCorr   .            (no ring)
SInv    .            (no ring)
Will    .....        (no ring)
Stlth   ++++         (no ring)
HPRegen 0.23/turn    (no ring)
MPRegen 0.08/turn    (no ring)
                     (no ring)

%: no passive effects
@: no status effects
A: almost no armour, amphibious, 8 rings, camouflage 1, gelatinous body 1,
(nimble swimmer 1), tentacles
a: no special abilities


You were on level 5 of the Dungeon.
You visited 1 branch of the dungeon, and saw 1 of its levels.

Inventory:

Hand Weapons
 a - a +0 long sword (weapon)
Wands
 f - a wand of digging (3)
Scrolls
 b - a scroll of fog
Potions
 c - a potion of degeneration {unknown}
 e - a potion of haste


   Skills:
 * Level 3.1 Fighting
 + Level 2.0 Long Blades
 * Level 2.1 Dodging
 + Level 6.9 Stealth
 * Level 0.4 Spellcasting


You had one spell level left.
You didn't know any spells.
Your spell library contained the following spells:

 Spells                   Type           Power      Damage    Failure   Level
 Freeze                   Ice            0%         1d3       32%         1
 Frozen Ramparts          Ice            0%         1d1       67%         3
 Hailstorm                Conj/Ice       0%         3d5       67%         3


Dungeon Overview and Level Annotations

Branches:
Dungeon (5/15)
 Temple: D:4-7

Altars:
Cheibriados
Fedhas
Qazlal


Innate Abilities, Weirdness & Mutations

You cannot wear most types of armour.
You are amphibious.
You can wear up to eight rings at the same time.
Your skin changes colour to match your surroundings (Stealth+).
Your rubbery body absorbs attacks. (AC +1, EV +1)
((You are camouflaged when in or above water. (Stealth+)))
You have tentacles for arms and can constrict up to eight enemies at once.


Message History

A quokka comes into view.
Found a snail-covered altar of Cheibriados.
You see here a smoky pink potion.
You barely miss the ufetubus. You grab the ufetubus.
You constrict the ufetubus. The ufetubus barely misses you.
The ufetubus closely misses you. x2; The ufetubus hits you.
You slash the ufetubus!
You kill the ufetubus!
c - a smoky pink potion An orc comes into view.
It is wielding a +0 long sword.
The orc shouts!
The ufetubus slips past you! The ufetubus hits you. x2
You closely miss the ufetubus. You grab the ufetubus. You squeeze the ufetubus!
The ufetubus is severely wounded.
You constrict the ufetubus.
You kill the ufetubus!
You have reached level 2!
The orc suddenly grunts, in orcish tradition.
Found a book of Frost.
Found a stone staircase leading up.
Found a stormy altar of Qazlal.
You pick up a book of Frost and begin reading...
You add the spells Freeze, Frozen Ramparts and Hailstorm to your library.
Found a stone staircase leading down.
An orc comes into view. It is wielding a +0 war axe.
A howler monkey comes into view.
You slash the orc!
You kill the orc!
An orc priest comes into view. It is wielding a +0 flail.
The orc shouts!
As you read the scroll of fear, it crumbles to dust.
You assume a fearsome visage.
The orc looks frightened!
The orc priest looks frightened!
You see here a +0 long sword.
You are now empty-tentacled.
You drop a +0 falchion.
a - a +0 long sword (weapon)
Found a scroll labelled PUZEPS HINOGH.
A centaur comes into view.
Found a blossoming altar of Fedhas.
Are you sure you want to abandon this character and quit the game? (Confirm with "yes".)

.......#####........,,,,**,,,,*
....##.#............,,,,**,,,,*
....#..>............,,,,,,,,***
...................,,,,,*,,,,*
..................,,,,,,,,,,,*
..............##,,,,,,,,P,P,,*
<......####....#**,,,,,.PcP,,*
.....### ###.######**PP_P,,**
...### *#...@..##..PPP,,*
.h.).# #............PP,,*
#..### ##....PP........,* #..#
*#....♣P....####** ####
#..........## #..#....####
#.......# ##......# *##...#*


There were no monsters in sight!

Vanquished Creatures
  2 ufetubi (D:5)
  An orc (D:5)
3 creatures vanquished.

Notes
Turn   | Place    | Note
-------+----------+-------------------------------------------
     0 | D:5      | Esekla the Octopode Delver began the quest for the Orb.
     0 | D:5      | Reached XP level 1. HP: 16/16 MP: 1/1
    20 | D:5      | Found a snail-covered altar of Cheibriados.
    29 | D:5      | Reached XP level 2. HP: 11/21 MP: 2/2
    45 | D:5      | Found a stormy altar of Qazlal.
    53 | D:5      | Noticed a howler monkey
    83 | D:5      | Found a blossoming altar of Fedhas.
    83 | D:5      | Noticed a centaur
    87 | D:5      | Quit the game

Illustrated notes

Levels and vault maps discovered:
D:5:      layout_cave_pools, lemuel_crystal_altar,
          fedhas_bush_and_centaur_altar, lemuel_tele_altar, serial_park_tiny_1

Action                     || total
---------------------------++-------
  Melee: Falchion          ||     4
         Constrict         ||     2
         Tentacles         ||     1
    Use: Scroll            ||     2
 Armour: Skin              ||     3
  Dodge: Dodged            ||     3

Table legend: (Time is in decaauts)
 A = Elapsed time spent in this place.
 B = Non-inter-level travel time spent in this place.
 C = Inter-level travel time spent in this place.
 D = Time resting spent in this place.
 E = Time spent auto-exploring this place.
 F = Levels seen in this place.
 G = Mean time per level.
                   A        B        C        D        E       F      G
               +--------+--------+--------+--------+--------+-----+--------+
         Total |     87 |     87 |      0 |      0 |      0 |   1 |   87.0 |
       Dungeon |     87 |     87 |      0 |      0 |      0 |   1 |   87.0 |
               +--------+--------+--------+--------+--------+-----+--------+

Top non-repeatable levels by time:
     D:5: 87 daAuts
